 Dungeon Crawl Stone Soup version 0.30-a0-1160-g6e42c06551 (webtiles) character file.

Game seed: 17064417913310194158

3112 BlueFish the Sneak (level 9, -6/61 HPs)
             Began as an Octopode Fighter on Apr 27, 2023.
             Was a Priest of Cheibriados.
             Mangled by a cyclops (9 damage)
             ... on level 8 of the Dungeon.
             The game lasted 00:18:05 (8418 turns).

BlueFish the Sneak (Octopode Fighter)               Turns: 8418, Time: 00:18:05

Health: -6/61      AC:  1    Str: 26    XL:     9   Next: 91%
Magic:  14/14      EV: 16    Int: 17    God:    Cheibriados [***...]
Gold:   349        SH:  6    Dex: 19    Spells: 10/15 levels left

rFire   . . .        a - +2 whip (elec)
rCold   . . .        j - +0 buckler
rNeg    . . .        (helmet restricted)
rPois   .            (no amulet)
rElec   .            (no ring)
rCorr   .            (no ring)
SInv    .            (no ring)
Will    .....        (no ring)
Stlth   ++++         (no ring)
HPRegen 0.30/turn    (no ring)
MPRegen 0.14/turn    (no ring)
                     (no ring)

%: no passive effects
@: mighty, about to teleport, very slow
A: almost no armour, amphibious, 8 rings, camouflage 1, gelatinous body 1,
(nimble swimmer 1), tentacles
a: Renounce Religion, Bend Time, Temporal Distortion


You were on level 8 of the Dungeon.
You worshipped Cheibriados.
Cheibriados was most pleased with you.
You visited 2 branches of the dungeon, and saw 9 of its levels.

You collected 399 gold pieces.
You spent 50 gold pieces at shops.

Inventory:

Hand Weapons
 a - a +2 whip of electrocution (weapon)
 b - a +0 sling
 p - a +0 flail
 r - a +0 whip
 y - a +1 whip of holy wrath
Missiles
 d - 90 stones (quivered)
 s - 7 boomerangs
 x - 22 poisoned darts
 C - 2 curare-tipped darts
Armour
 j - a +0 buckler (worn)
Wands
 w - a wand of acid (7)
 B - a wand of digging (3)
Scrolls
 e - 2 scrolls of enchant weapon {unknown}
 f - 2 scrolls of magic mapping {unknown}
 i - 2 scrolls of amnesia {unknown}
 l - a scroll of torment {unknown}
 q - 2 scrolls of noise
 u - 2 scrolls of teleportation
 D - a scroll of enchant armour {unknown}
Potions
 c - a potion of might
 g - a potion of lignification
 h - a potion of brilliance
 k - 2 potions of attraction
 m - 3 potions of curing
 n - a potion of berserk rage {unknown}
 o - a potion of cancellation {unknown}
 t - 2 potions of degeneration {unknown}
 v - 2 potions of magic
 z - 2 potions of mutation {unknown}


   Skills:
 + Level 5.2 Fighting
 + Level 4.6 Maces & Flails
 + Level 4.2 Throwing
 + Level 5.3 Dodging
 * Level 5.8 Stealth
 + Level 5.3 Shields
 + Level 3.5 Spellcasting
 + Level 0.7 Hexes
 + Level 3.5 Transmutations
 + Level 3.7 Earth Magic
 + Level 2.9 Invocations
 + Level 2.9 Evocations


You had 10 spell levels left.
You knew the following spells:

 Your Spells              Type           Power      Damage    Failure   Level
a - Passwall              Tmut/Erth      12%        N/A       6%          2
b - Confusing Touch       Hex            5%         N/A       38%         3

Your spell library contained the following spells:

 Spells                   Type           Power      Damage    Failure   Level
 Foxfire                  Conj/Fire      12%        2x1d4     19%         1
 Kiss of Death            Conj/Necr      12%        2d6       19%         1
 Magic Dart               Conj           12%        1d3       19%         1
 Ensorcelled Hibernation  Hex/Ice        8%         N/A       26%         2
 Call Imp                 Summ           6%         N/A       28%         2
 Mephitic Cloud           Conj/Pois/Air  3%         N/A       50%         3
 Swiftness                Air            3%         N/A       50%         3
 Dispel Undead            Necr           3%         3d7       88%         4
 Fireball                 Conj/Fire      1%         3d3       99%         5
 Plasma Beam              Fire/Air       1%         2x1d12    100%        6
 Starburst                Conj/Fire      1%         6d3       100%        6


Dungeon Overview and Level Annotations

Branches:
Dungeon (8/15)             Temple (1/1) D:5
   Lair: D:8-11

Altars:
Ashenzari
Cheibriados
Dithmenos
Elyvilon
Fedhas
Gozag
Hepliaklqana
Kikubaaqudgha
Makhleb
Nemelex Xobeh
Okawaru
Qazlal
Ru
Sif Muna
Trog
Uskayaw
Wu Jian
Xom
Yredelemnul
Zin
The Shining One

Shops:
D:2 !(*!   D:3 (   D:7 (

Annotations:
D:7 3 runed translucent doors, lunkers's ghost, novice MeFE


Innate Abilities, Weirdness & Mutations

You cannot wear most types of armour.
You are amphibious.
You can wear up to eight rings at the same time.
Your skin changes colour to match your surroundings (Stealth+).
Your rubbery body absorbs attacks. (AC +1, EV +1)
((You are camouflaged when in or above water. (Stealth+)))
You have tentacles for arms and can constrict up to eight enemies at once.


Message History

The wyvern bites you.
You closely miss the wolf. Your grab misses the wolf.
The sentinel's mark upon you fades away.
The wolf bites you!
* * * LOW HITPOINT WARNING * * *
The wolf bites you!
* * * LOW HITPOINT WARNING * * *
A wight comes into view. It is wielding a +1 flail.
The wyvern misses you.
Okay, then.
Okay, then.
Aiming: Corrosive Bolt
Press: ? - help, Shift-Dir - straight line, f - centaur
Aim: a centaur (83% to hit)
The bolt of acid hits the wyvern!
You kill the wyvern!
Cheibriados appreciates the change of pace.
The bolt of acid hits the cyclops!
The acid corrodes the cyclops!
The cyclops is moderately wounded.
The bolt of acid misses the centaur.
The wolf misses you.
Aiming: Corrosive Bolt
Press: ? - help, Shift-Dir - straight line, f - wight, p - centaur
Aim: a wight, wielding a +1 flail and wearing a +0 robe (74% to hit)
The bolt of acid hits the wolf!
The wolf is severely wounded.
The bolt of acid misses the orc.
The bolt of acid hits the wight!!
The acid corrodes the wight!
You destroy the wight!
Cheibriados appreciates the change of pace.
The wolf barely misses you. You block the wolf's attack.
A wight comes into view. It is wielding a +5 scimitar.
An orc wizard comes into view. It is wielding a +0 dagger.
As you read the scroll labelled IDWAOCZ HOTSAC, it crumbles to dust.
You hear a loud clanging noise!
It was a scroll of noise.
The wolf closely misses you. You block the cyclops's attack.
The wolf barely misses you.
As you read the scroll labelled EREGOT ZEIXKE, it crumbles to dust.
You feel strangely unstable.
It was a scroll of teleportation.
The wolf misses you. The cyclops hits you!
You die... ...... .... .... .o. zo#

#o# #####h#
..##@# . #
#.##C# ##$. ..
###.##o##..)..
...##.....c..C#
.............##
.............##
..#...<......#
#......###.#
#......#≈#.#


You could see a cyclops (corroded), a wolf, a centaur, a wight, an orc wizard
and 3 orcs.

Vanquished Creatures
  A wraith (D:6)
  A wyvern (D:8)
  A steam dragon (D:7)
  Menkaure (D:5)
  2 water moccasins (D:7)
  Duvessa (D:5)
  2 ice beasts (D:6)
  A black bear (D:6)
  An ogre (D:5)
  A wolf (D:8)
  A centaur (D:6)
  2 kobold brigands (D:7)
  A phantom (D:6)
  2 bullfrogs (D:6)
  4 scorpions
  A wight (D:8)
  Dowan (D:5)
  4 hounds
  2 jellies (D:7)
  5 orc priests
  2 sleepcaps
  Jessica (D:2)
  Ijyb (D:5)
  2 iguanas
  10 orc wizards
  4 gnolls
  14 adders
  2 white imps
  An ufetubus (D:6)
  5 worms
  A dart slug (D:4)
  25 orcs
  A ball python (D:4)
  13 endoplasms
  4 giant cockroaches
  9 goblins
  3 hobgoblins
  8 jackals
  4 quokkas
  7 bats
  15 kobolds
  5 rats
172 creatures vanquished.

Vanquished Creatures (others)
  2 fungi (D:7)
  6 plants
8 creatures vanquished.

Grand Total: 180 creatures vanquished

Notes
Turn   | Place    | Note
-------+----------+-------------------------------------------
     0 | D:1      | BlueFish the Octopode Fighter began the quest for the Orb.
     0 | D:1      | Reached XP level 1. HP: 16/16 MP: 1/1
   164 | D:1      | Found a faded altar of an unknown god.
   284 | D:1      | Reached XP level 2. HP: 17/21 MP: 2/2
   555 | D:1      | Reached XP level 3. HP: 24/26 MP: 3/3
   672 | D:2      | Found Icoygemn's Distillery.
   793 | D:2      | Noticed Jessica
   797 | D:2      | Killed Jessica
   798 | D:2      | Reached skill level 1 in Throwing
   798 | D:2      | Reached XP level 4. HP: 28/31 MP: 3/5
  1012 | D:2      | Found Wynuott's Distillery.
  1091 | D:2      | Reached skill level 1 in Spellcasting
  1158 | D:2      | Bought a potion of curing for 30 gold pieces
  1228 | D:2      | Found Suots's General Store.
  1247 | D:2      | Bought a scroll of identify for 20 gold pieces
  1421 | D:2      | Found Hatynad's Antique Weapon Boutique.
  1614 | D:3      | Reached XP level 5. HP: 36/36 MP: 6/6
  1731 | D:3      | Found Hunteupa's Antique Weapon Shop.
  1827 | D:3      | You fall into a shaft and drop 1 floor!
  1827 | D:4      | Found a glowing golden altar of the Shining One.
  1831 | D:4      | Learned a level 2 spell: Passwall
  2340 | D:4      | Reached XP level 6. HP: 27/43 MP: 8/8
  2633 | D:4      | Reached skill level 1 in Earth Magic
  2705 | D:3      | Reached skill level 1 in Transmutations
  3144 | D:3      | Found a glowing silver altar of Zin.
  3661 | D:5      | Entered Level 5 of the Dungeon
  3809 | D:5      | Found an ancient bone altar of Kikubaaqudgha.
  3865 | D:5      | Found a sacrificial altar of Ru.
  3871 | D:5      | Noticed Duvessa
  3871 | D:5      | Noticed Dowan
  3881 | D:5      | Killed Duvessa
  3882 | D:5      | Reached XP level 7. HP: 32/48 MP: 9/9
  3882 | D:5      | Killed Dowan
  3956 | D:5      | Noticed Menkaure
  3963 | D:5      | Killed Menkaure
  4068 | D:5      | Noticed Ijyb
  4080 | D:5      | Killed Ijyb
  4372 | D:5      | Reached XP level 8. HP: 54/54 MP: 11/11
  4429 | D:5      | Found a staircase to the Ecumenical Temple.
  4463 | Temple   | Entered the Ecumenical Temple
  4502 | Temple   | Became a worshipper of Cheibriados the Contemplative
  4783 | D:5      | Reached skill level 1 in Stealth
  5061 | D:6      | Reached skill level 1 in Evocations
  5410 | D:6      | Reached skill level 1 in Invocations
  5948 | D:6      | Identified the +2 pair of gloves of Zaxut {rPois}
  6104 | D:6      | Reached * piety under Cheibriados
  6267 | D:6      | Noticed a wraith
  6274 | D:6      | Killed a wraith
  6275 | D:6      | Reached XP level 9. HP: 40/60 MP: 13/13
  6657 | D:6      | Reached skill level 5 in Shields
  6915 | D:7      | Reached ** piety under Cheibriados
  7063 | D:7      | Reached skill level 5 in Fighting
  7175 | D:7      | Reached skill level 5 in Dodging
  7182 | D:7      | Found Nuer's Weapon Shop.
  7501 | D:7      | Reached skill level 5 in Stealth
  7683 | D:7      | Found a runed translucent gate.
  7683 | D:7      | Noticed lunkers's ghost (novice MeFE)
  7684 | D:7      | Found a runed translucent gate.
  7684 | D:7      | Found a runed translucent gate.
  7745 | D:7      | Reached *** piety under Cheibriados
  8164 | D:7      | Learned a level 3 spell: Confusing Touch
  8390 | D:8      | Noticed a cyclops
  8414 | D:8      | HP: 2/61 [wolf[Grum] (10)]
  8418 | D:8      | Mangled by a cyclops

Illustrated notes

Levels and vault maps discovered:
D:1:      dpeg_arrival_snail, layout_basic, shapermc_ecumenical_altar_gd,
          serial_bayou, serial_bayou_lagoon_a, serial_bayou_shore_b,
          serial_bayou_pond_c, serial_bayou_pond_d, minmay_liquid_box
D:2:      layout_loops_ring, serial_shops, nicolae_shop_tiny_glass,
          nicolae_shop_tiny_statue_garden, nicolae_shop_behind_doors, shop,
          minmay_tromino_v2, uniq_jessica
D:3:      layout_basic, mainiacjoe_overflow_alcove_1, serial_shops,
          nicolae_shop_window_shopping, grunt_ministairs_15
D:4:      layout_basic, tso_metal_star, st_stairs_2
D:5:      layout_loops_ring, nicolae_ru_sacrificial_ziggurat,
          kiku_gazebo_pond_becter, temple_doors_cd, uniq_ijyb, uniq_duvessa,
          uniq_menkaure
D:6:      layout_layer_cave, chequers_serial_rivers_marsh,
          nicolae_lava_and_water
D:7:      layout_loops_corners, gammafunk_ghost_nasty_kobolds, serial_shops,
          shop
D:8:      layout_rooms, serial_glass, glass_columns_a, glass_columns_a,
          feat_on_display, feat_on_display, serial_shops, shop,
          chequers_ossuary_entry_cave, uniq_maggie, uniq_grum
Temple:   bh_familiar_temple

Skill      XL: |  1  2  3  4  5  6  7  8  9 |
---------------+----------------------------+-----
Throwing       | 1 2 3 4 |  4.2
Spellcasting   | 1 2 3 |  3.5
Maces & Flails | 3 4 |  4.6
Earth Magic    | 1 2 3 |  3.7
Transmutations | 1 2 3 |  3.5
Shields        | 4 5 |  5.3
Fighting       | 4 5 |  5.2
Dodging        | 4 5 |  5.3
Stealth        | 4 5 |  5.8
Evocations     | 2 |  2.9
Invocations    | 1 2 |  2.9
Hexes          | |  0.7

Action                     |  1- 3 |  4- 6 |  7- 9 || total
---------------------------+-------+-------+-------++-------
  Melee: Flail             |    45 |    35 |       ||    80
         Constrict         |    10 |    35 |    45 ||    90
         Tentacles         |    10 |    27 |    64 ||   101
         Punch             |       |     2 |     4 ||     6
         Whip              |       |    88 |   232 ||   320
   Fire: Sling             |       |    96 |    86 ||   182
  Throw: Boomerang         |       |       |     5 ||     5
  Evoke: Wand              |       |       |     2 ||     2
    Use: Scroll            |       |     3 |     4 ||     7
         Potion            |       |     1 |     4 ||     5
   Stab: Sleeping          |     3 |       |     5 ||     8
 Armour: Skin              |     4 |     7 |     9 ||    20
  Dodge: Dodged            |    21 |    70 |   145 ||   236
  Block: Buckler           |     5 |    28 |    52 ||    85

Table legend: (Time is in decaauts)
 A = Elapsed time spent in this place.
 B = Non-inter-level travel time spent in this place.
 C = Inter-level travel time spent in this place.
 D = Time resting spent in this place.
 E = Time spent auto-exploring this place.
 F = Levels seen in this place.
 G = Mean time per level.
                   A        B        C        D        E       F      G
               +--------+--------+--------+--------+--------+-----+--------+
         Total |   9307 |   9051 |    256 |    213 |   7150 |   9 | 1034.1 |
       Dungeon |   9088 |   8851 |    237 |    213 |   6957 |   8 | 1136.0 |
        Temple |    219 |    200 |     19 |      0 |    192 |   1 |  219.0 |
               +--------+--------+--------+--------+--------+-----+--------+

Top non-repeatable levels by time:
     D:6: 2281 daAuts
     D:7: 2041 daAuts
     D:4: 1366 daAuts
     D:5: 1042 daAuts
     D:2: 848 daAuts
     D:3: 787 daAuts
     D:1: 683 daAuts
  Temple: 219 daAuts
     D:8: 36 daAuts
